 Dungeon Crawl Stone Soup version 0.18-b1-14-g029dad2 (webtiles) character file.

92 Alarkh the Grave Robber (level 4, -2/30 HPs)
             Began as a Mummy Necromancer on Apr 30, 2016.
             Killed from afar by a white imp (3 damage)
             ... with a puff of frost
             ... summoned by Natasha
             ... on level 3 of the Dungeon.
             The game lasted 00:02:29 (1262 turns).

Alarkh the Grave Robber (Mummy Necromancer)         Turns: 1262, Time: 00:02:31

Health: -2/30      AC:  4    Str: 11    XL:     4   Next: 35%
Magic:  0/9        EV: 12    Int: 15    God:
Gold:   94         SH:  0    Dex: 12    Spells: 4 memorised, 0 levels left

rFire  . . .     SeeInvis .     a - +0 spear
rCold  + . .     Gourm    .     d - +0 robe
rNeg   + + +     Faith    .     (no shield)
rPois  ∞         Spirit   .     (no helmet)
rElec  .         Dismiss  .     l - +0 cloak
rCorr  .         Reflect  .     k - +0 pair of gloves
SustAt .         Harm     .     (no boots)
MR     .....                    (no amulet)
Stlth  ++........               (no ring)
                                e - ring of protection from fire

@: not resistant to hostile enchantments, unstealthy
A: no food or potions, fire vulnerability, cold resistance 1, negative energy
resistance 3, torment resistance, unbreathing
a: no special abilities


You were on level 3 of the Dungeon.
You were not hungry.

You visited 1 branch of the dungeon, and saw 3 of its levels.

You collected 94 gold pieces.

Inventory:

Hand Weapons
 a - a +0 spear (weapon)
Armour
 d - a +0 robe (worn)
 k - a +0 pair of gloves (worn)
 l - a +0 cloak (worn)
Jewellery
 e - a ring of protection from fire (left hand)
Scrolls
 c - a scroll of random uselessness
 f - 2 scrolls of fog
 g - 2 scrolls of recharging {unknown}
 h - a scroll of enchant armour {unknown}
 i - 3 scrolls of teleportation
 j - a scroll of remove curse
 m - a scroll of fear {unknown}
Books
 b - a book of Necromancy

   Spells                             Type                      Level
   a - Pain                           Necromancy                   1
   b - Animate Skeleton               Necromancy                   1
   c - Vampiric Draining              Necromancy                   3
   d - Regeneration                   Charms/Necromancy            3
   e - Animate Dead                   Necromancy                   4
   f - Control Undead                 Necromancy                   4


   Skills:
 - Level 1.5 Dodging
 - Level 1.5 Stealth
 + Level 3.4 Spellcasting
 + Level 4.9 Necromancy


You couldn't memorise any spells.
You knew the following spells:

 Your Spells              Type           Power        Failure   Level  Hunger
a - Pain                  Necr           ###.         2%          1    N/A
b - Animate Skeleton      Necr           N/A          2%          1    N/A
c - Control Undead        Necr           ###.......   28%         4    N/A
d - Vampiric Draining     Necr           ###.......   10%         3    N/A

Dungeon Overview and Level Annotations

Branches:
Dungeon (3/15)

Altars:

Annotations:
D:3 Natasha


Innate Abilities, Weirdness & Mutations

You do not eat or drink.
Your flesh is vulnerable to fire.
You are immune to poison.
Your flesh is cold resistant.
You are immune to negative energy.
You are immune to unholy pain and torment.
You can survive without breathing.


Message History

Aiming: Pain
Press: ? - help, Shift-Dir - straight line, f/p - Natasha
Aim: Natasha (moderately wounded, chance to defeat MR: 76%) Natasha convulses in agony!
Natasha completely misses you.
Casting: Pain
Confirm with . or Enter, or press ? or * to list all spells.
Aiming: Pain
Press: ? - help, Shift-Dir - straight line, f/p - Natasha
Aim: Natasha (heavily wounded, chance to defeat MR: 76%) Natasha convulses in agony!
Natasha barely misses you.
Read which item? (? for menu, Esc to quit)
Okay, then.
You closely miss Natasha.
Natasha is severely wounded.
Natasha stares at you and mumbles some strange words.
The magic dart hits you!
* * * LOW HITPOINT WARNING * * *
The white imp gestures at you. The puff of frost hits you! You resist.
You die...

#...# #########....
########
#............
#......#
#.###########
#......# #.#
.#######......# #.#
..............####.#
..............)....#
........(...h@######
....!..((...5.#
........#######
.#....... #..>....#
#.#####". # ... ...
.#+#


You could see Natasha and a white imp.

Vanquished Creatures
  Terence (D:3)
  An adder (D:2)
  An ooze (D:2)
  2 worms
  2 dart slugs
  A giant gecko (D:1)
  3 orcs (D:3)
  2 giant cockroaches
  3 goblins (D:1)
  5 hobgoblins
  2 quokkas
  3 bats
  5 giant newts
  6 kobolds
  6 rats
43 creatures vanquished.

Notes
Turn   | Place    | Note
--------------------------------------------------------------
     0 | D:1      | Alarkh the Mummy Necromancer began the quest for the Orb.
     0 | D:1      | Reached XP level 1. HP: 13/13 MP: 3/3
   105 | D:1      | Reached XP level 2. HP: 13/19 MP: 0/5
   605 | D:2      | Reached XP level 3. HP: 24/24 MP: 0/7
  1160 | D:3      | Noticed Terence
  1176 | D:3      | Killed Terence
  1176 | D:3      | Reached XP level 4. HP: 27/30 MP: 0/9
  1189 | D:3      | Noticed Natasha
  1224 | D:3      | Learned a level 1 spell: Animate Skeleton
  1229 | D:3      | Learned a level 4 spell: Control Undead
  1233 | D:3      | Learned a level 3 spell: Vampiric Draining
  1262 | D:3      | HP: 1/30 [Natasha/magic dart (8)]
  1262 | D:3      | Killed from afar by a white imp

Skill      XL: |  1  2  3 |
---------------+----------+-----
Spellcasting   | 3 |  3.4
Dodging        | |  1.5
Stealth        | |  1.5
Necromancy     | |  4.9

Action                   |  1- 3 |  4- 6 || total
-------------------------+-------+-------++-------
Melee: Spear             |    25 |    10 ||    35
 Cast: Pain              |    77 |    11 ||    88
  Use: Scroll            |     5 |       ||     5
Armor: Robe              |     4 |     1 ||     5
Dodge: Dodged            |    18 |     8 ||    26
